 Dungeon Crawl Stone Soup version 0.30-a0-585-g93115170b9 (webtiles) character file.

Game seed: 4803326277031527571

1062 Bnni the Vexing (level 8, -13/58 HPs)
             Began as a Formicid Hexslinger on Jan 2, 2023.
             Was a Follower of Okawaru.
             Killed from afar by a steam dragon (18 damage)
             ... with a ball of steam
             ... on level 5 of the Dungeon.
             The game lasted 00:11:51 (7050 turns).

Bnni the Vexing (Formicid Hexslinger)               Turns: 7050, Time: 00:11:52

Health: -13/58     AC:  5    Str: 15    XL:     8   Next: 52%
Magic:  3/13       EV: 12    Int: 15    God:    Okawaru [*.....]
Gold:   214        SH:  0    Dex: 16    Spells: 2/13 levels left

rFire   . . .      SeeInvis +    a - +1 sling
rCold   . . .      Faith    .    (no shield)
rNeg    . . .      Spirit   .    c - +0 robe
rPois   .          Reflect  .    (helmet unavailable)
rElec   +          Harm     .    u - +1 cloak
rCorr   .          Rampage  .    (no gloves)
Will    .....                    G - +0 pair of boots of the Marlin {rElec Dex+2}
Stlth   +                        (no amulet)
HPRegen 0.29/turn                j - ring of flight
MPRegen 0.13/turn                (no ring)

@: flying
A: permanent stasis, dig shafts and tunnels, antennae 3, four strong arms
a: Dig, Shaft Self, Renounce Religion, Heroism


You were on level 5 of the Dungeon.
You worshipped Okawaru.
Okawaru was aware of your devotion.
You visited 1 branch of the dungeon, and saw 6 of its levels.
You also visited: Sewer.

You collected 214 gold pieces.

Inventory:

Hand Weapons
 a - a +1 sling (weapon)
 v - a +0 dagger of electrocution
 B - a +1 short sword of venom
Missiles
 h - 29 poisoned darts
 E - a curare-tipped dart
Armour
 c - a +0 robe (worn)
 u - a +1 cloak (worn)
 G - the +0 pair of boots of the Marlin (worn) {rElec Dex+2}
   (You found it in a sewer)

   Dex:       It affects your dexterity (+2).
   rElec:     It insulates you from electricity.
Jewellery
 j - a ring of flight (left hand)
Wands
 r - a wand of flame (21)
 x - a wand of roots (11)
 y - a wand of light (9)
Scrolls
 b - 3 scrolls of poison
 d - 3 scrolls of magic mapping {unknown}
 e - a scroll of fear {unknown}
 f - 3 scrolls of enchant armour
 g - a scroll of vulnerability {unknown}
 i - 2 scrolls of enchant weapon {unknown}
 k - a scroll of silence {unknown}
 m - 2 scrolls of teleportation {unknown}
 n - a scroll of noise {unknown}
 w - a scroll of blinking {unknown}
 A - a scroll of amnesia {unknown}
Potions
 l - a potion of lignification
 o - 6 potions of magic
 p - 2 potions of resistance
 q - 4 potions of curing
 s - 2 potions of flight
 t - 3 potions of might
 z - a potion of mutation {unknown}
 C - a potion of invisibility
 D - a potion of brilliance


   Skills:
 + Level 3.5 Fighting
 * Level 5.1 Ranged Weapons
 - Level 1.7 Dodging
 + Level 3.3 Spellcasting
 * Level 6.7 Hexes
 * Level 2.1 Translocations
 - Level 3.0 Fire Magic
 + Level 2.0 Invocations


You had 2 spell levels left.
You knew the following spells:

 Your Spells              Type           Power      Damage    Failure   Level
a - Slow                  Hex            88%        N/A       1%          1
b - Inner Flame           Hex/Fire       17%        N/A       8%          3
c - Portal Projectile     Hex/Tloc       30%        N/A       10%         3
d - Cause Fear            Hex            11%        N/A       12%         4

Your spell library contained the following spells:

 Spells                   Type           Power      Damage    Failure   Level


Dungeon Overview and Level Annotations

Branches:
Dungeon (6/15)              Sewer (visited)
 Temple: D:4-7

Altars:
Dithmenos
Elyvilon
Hepliaklqana
Okawaru
Qazlal
Trog
Uskayaw


Innate Abilities, Weirdness & Mutations

You cannot be hasted, slowed, berserked, paralysed or teleported.
You can dig through walls and to a lower floor.
You have a pair of large antennae on your head. (SInv)
Your four strong arms can wield two-handed weapons with a shield.


Message History

Flame seeps out of the steam dragon.
The steam dragon is heavily wounded.
The steam dragon's inner flame fades away.
The steam dragon is engulfed in blazing flames.
Fire: a) +1 sling
Press: ? - help, Shift-Dir - straight line, f/p - steam dragon
Aim: a steam dragon (severely wounded, 62% to hit)
You shoot a sling bullet. The sling bullet hits the steam dragon.
The steam dragon is almost dead.
The steam dragon breathes steam at you. The ball of steam hits you!
* * * LOW HITPOINT WARNING * * *
Fire: a) +1 sling
Press: ? - help, Shift-Dir - straight line You shoot a sling bullet.
Fire: a) +1 sling
Press: ? - help, Shift-Dir - straight line, f - steam dragon
Aim: a steam dragon (steam, almost dead, catching its breath, 62% to hit)
You shoot a sling bullet.
The sling bullet hits the steam dragon but does no damage.
The steam dragon is almost dead.
Fire: a) +1 sling
Press: ? - help, Shift-Dir - straight line, f/p - steam dragon
Aim: a steam dragon (almost dead, 62% to hit)
You shoot a sling bullet.
The sling bullet hits the steam dragon but does no damage.
The steam dragon is almost dead.
The steam dragon breathes steam at you. The ball of steam hits you!
* * * LOW HITPOINT WARNING * * *
Casting: Cause Fear (dangerous; 12% risk of failure)
Confirm with . or Enter, or press ? or * to list all spells.
Casting: Cause Fear (dangerous; 12% risk of failure)
Press: ? - help, Dir - look around, f - activate The steam dragon looks frightened!
Things that are here:
a +0 ring mail; a +0 short sword; an orc corpse The steam dragon breathes steam at you.
The ball of steam hits you!!
You die...

##.# #.......#...#.#.######## #.#
#.......#...#.#.# #.. #.##
#.......#...#...# #.# #..##
#.......#...##########.# ##..#
######....<#####......<#
##.#######.............#.#....#
####.......#.............#.#.....
.........................#.#.####
..........#.....@........#.#.# #
.....!....##..[[§........#.### #
..........##...>§........#.# #
.................§.......#.# #
..........##÷....§.......#.# #
..........##.....D.......#.# #
..........##.............#.# #
..........##.............#.# #
..........#####.##########.# ####


There were no monsters in sight!

Vanquished Creatures
  An ogre (D:4)
  2 phantoms
  A kobold brigand (Sewer)
  Blork the orc (D:5)
  2 scorpions
  A howler monkey (D:5)
  A jelly (D:4)
  3 hounds
  Crazy Yiuf (D:3)
  2 iguanas (D:5)
  2 orc wizards
  8 adders
  A gnoll (D:4)
  6 river rats (Sewer)
  An ufetubus (D:5)
  A worm (D:3)
  3 dart slugs
  17 orcs
  11 ball pythons
  9 endoplasms
  A giant cockroach (D:2)
  10 goblins
  9 hobgoblins
  A quokka (D:1)
  4 bats
  2 frilled lizards
  22 kobolds
  37 rats
160 creatures vanquished.

Vanquished Creatures (others)
  An orc (D:6)
1 creature vanquished.

Grand Total: 161 creatures vanquished

Notes
Turn   | Place    | Note
-------+----------+-------------------------------------------
     0 | D:1      | Bnni the Formicid Hexslinger began the quest for the Orb.
     0 | D:1      | Reached XP level 1. HP: 15/15 MP: 2/2
    64 | D:1      | Reached XP level 2. HP: 21/21 MP: 3/3
   172 | D:1      | Reached skill level 4 in Hexes
   396 | D:1      | Reached XP level 3. HP: 26/26 MP: 5/5
   400 | D:1      | Learned a level 3 spell: Inner Flame
  1153 | D:2      | Found a faded altar of an unknown god.
  1431 | D:3      | Found a hide-covered altar of Uskayaw.
  1512 | D:3      | Reached XP level 4. HP: 32/32 MP: 6/6
  1612 | D:3      | Reached skill level 1 in Fire Magic
  1860 | D:3      | Found a white marble altar of Elyvilon.
  1890 | D:3      | Found a hazy altar of Hepliaklqana.
  2529 | D:3      | Found a runed translucent door.
  2530 | D:3      | Noticed Crazy Yiuf
  2553 | D:3      | Killed Crazy Yiuf
  2554 | D:3      | Reached XP level 5. HP: 26/38 MP: 2/7
  3030 | D:4      | Reached skill level 5 in Hexes
  3030 | D:4      | Reached XP level 6. HP: 18/44 MP: 7/9
  3308 | D:4      | Noticed an ogre
  3318 | D:4      | Killed an ogre
  3319 | D:4      | Reached XP level 7. HP: 51/51 MP: 6/10
  3713 | D:4      | Found a shadowy altar of Dithmenos.
  3717 | D:4      | Found a stormy altar of Qazlal.
  3817 | D:4      | Found a bloodstained altar of Trog.
  3817 | D:4      | Found an iron altar of Okawaru.
  3831 | D:4      | Became a worshipper of Warmaster Okawaru
  3940 | D:5      | Entered Level 5 of the Dungeon
  4008 | D:4      | Learned a level 4 spell: Cause Fear
  4205 | D:5      | Reached skill level 6 in Hexes
  4238 | D:5      | Learned a level 3 spell: Portal Projectile
  4513 | D:5      | Noticed Blork the orc
  4522 | D:5      | Killed Blork the orc
  4522 | D:5      | Reached * piety under Okawaru
  4523 | D:5      | Reached skill level 1 in Invocations
  4523 | D:5      | Reached XP level 8. HP: 56/58 MP: 5/12
  4751 | D:5      | Reached skill level 1 in Translocations
  5639 | D:6      | Found a glowing drain.
  5694 | Sewer    | Entered a sewer
  6172 | Sewer    | Reached skill level 5 in Ranged Weapons
  6223 | Sewer    | Identified the +0 pair of boots of the Marlin {rElec Dex+2}
  7050 | D:5      | Killed from afar by a steam dragon

Illustrated notes

Levels and vault maps discovered:
D:1:      amcnicky_arrival_blooded_trapdoor, layout_rooms, minmay_domino_2
D:2:      cheibrodos_greedy_goblins, layout_rooms,
          ebering_ecumenical_altar_ruins
D:3:      layout_basic, mainiacjoe_overflow_catwalk,
          mainiacjoe_overflow_two_lobes, uniq_crazy_yiuf_cottage
D:4:      layout_basic, grunt_temple_overflow_bloody_war,
          mainiacjoe_overflow_big_doors, kennysheep_another_room, nicolae_titane
D:5:      layout_basic, uniq_blork_the_orc
D:6:      layout_basic, mainiacjoe_overflow_concentric_impassable,
          portal_sewer_entry_b, serial_shops, shop, serial_rivers,
          chequers_serial_rivers_marsh, chequers_serial_rivers_micro_b,
          chequers_serial_rivers_room_b, chequers_serial_rivers_micro_c,
          chequers_serial_rivers_micro_b

Skill      XL: |  1  2  3  4  5  6  7  8 |
---------------+-------------------------+-----
Hexes          | 4 5 6 |  6.7
Fire Magic     | 1 2 3 |  3.0
Ranged Weapons | 3 4 5 |  5.1
Fighting       | 2 3 |  3.5
Spellcasting   | 2 3 |  3.3
Invocations    | 1 2 |  2.0
Translocations | 2 |  2.1
Dodging        | |  1.7

Action                   |  1- 3 |  4- 6 |  7- 9 || total
-------------------------+-------+-------+-------++-------
Melee: Unarmed           |       |     5 |       ||     5
 Fire: Sling             |   143 |   167 |   383 ||   693
 Cast: Slow              |     1 |    15 |    18 ||    34
       Inner Flame       |       |     4 |     8 ||    12
       Cause Fear        |       |       |     3 ||     3
       Portal Projectile |       |       |     2 ||     2
 Abil: Dig               |       |       |     2 ||     2
  Use: Scroll            |       |     6 |     5 ||    11
       Potion            |       |     2 |       ||     2
Armor: Robe              |    12 |    23 |    73 ||   108
       Skin              |       |     5 |       ||     5
Dodge: Dodged            |    50 |    47 |   199 ||   296

Table legend: (Time is in decaauts)
 A = Elapsed time spent in this place.
 B = Non-inter-level travel time spent in this place.
 C = Inter-level travel time spent in this place.
 D = Time resting spent in this place.
 E = Time spent auto-exploring this place.
 F = Levels seen in this place.
 G = Mean time per level.
                   A        B        C        D        E       F      G
               +--------+--------+--------+--------+--------+-----+--------+
         Total |   7197 |   6989 |    208 |   1736 |   3849 |   7 | 1028.1 |
       Dungeon |   5879 |   5671 |    208 |   1271 |   3320 |   6 |  979.8 |
         Sewer |   1317 |   1317 |      0 |    465 |    529 |   1 | 1317.0 |
               +--------+--------+--------+--------+--------+-----+--------+

Top non-repeatable levels by time:
     D:5: 1596 daAuts
     D:4: 1418 daAuts
     D:3: 1341 daAuts
   Sewer: 1317 daAuts
     D:2: 793 daAuts
     D:1: 624 daAuts
     D:6: 104 daAuts
